 Dungeon Crawl Stone Soup version 0.30-a0-377-g5cb311bc9f (webtiles) character file.

Game seed: 10352434435502646669

496 scionoferis the Ruffian (level 6, -1/59 HPs)
             Began as a Troll Earth Elementalist on Nov 29, 2022.
             Slain by Ijyb
             ... wielding a +0 dagger
              (4 damage)
             ... on level 4 of the Dungeon.
             The game lasted 00:06:43 (2515 turns).

scionoferis the Ruffian (Troll Earth Elementalist)  Turns: 2515, Time: 00:06:44

Health: -1/59      AC:  0    Str: 17    XL:     6   Next: 93%
Magic:  6/6        EV: 10    Int: 13    God:
Gold:   189        SH:  0    Dex: 10    Spells: 6/7 levels left

rFire   . . .      SeeInvis .      - Unarmed
rCold   . . .      Faith    .    (no shield)
rNeg    . . .      Spirit   .    a - +0 robe
rPois   .          Reflect  .    (helmet restricted)
rElec   .          Harm     .    (no cloak)
rCorr   .          Rampage  .    (gloves unavailable)
Will    .....                    (boots unavailable)
Stlth   +.........               (no amulet)
HPRegen 1.09/turn                (no ring)
MPRegen 0.10/turn                (no ring)

@: corroded
A: large, unfitting armour, claws 3, regeneration 1, shaggy fur 1, tough skin 1
a: no special abilities


You were on level 4 of the Dungeon.
You visited 1 branch of the dungeon, and saw 4 of its levels.

You collected 189 gold pieces.


Innate Abilities, Weirdness & Mutations

You are too large for most types of armour.
You have claws for hands.
Your natural rate of healing is unusually fast.
You are covered in fur. (AC +1)
You have tough skin. (AC +1)


   Skills:
 + Level 2.9 Fighting
 + Level 2.9 Dodging
 - Level 1.0 Stealth
 * Level 5.2 Unarmed Combat
 - Level 1.2 Spellcasting
 - Level 0.6 Transmutations
 - Level 2.6 Earth Magic


You had 6 spell levels left.
You knew the following spells:

 Your Spells              Type           Power      Damage    Failure   Level
a - Sandblast             Erth           14%        2d6       9%          1

Your spell library contained the following spells:

 Spells                   Type           Power      Damage    Failure   Level
 Passwall                 Tmut/Erth      4%         N/A       22%         2
 Magic Dart               Conj           0%         1d3       28%         1
 Call Imp                 Summ           0%         N/A       38%         2
 Stone Arrow              Conj/Erth      8%         3d7       43%         3
 Mephitic Cloud           Conj/Pois/Air  0%         N/A       63%         3
 Petrify                  Tmut/Erth      5%         N/A       80%         4
 Summon Forest            Summ/Tloc      0%         N/A       100%        5
 Eringya's Noxious Bog    Tmut/Pois      0%         N/A       100%        6
 Summon Hydra             Summ           0%         N/A       100%        7

Inventory:

Missiles
 h - 6 curare-tipped darts
 i - 36 stones (quivered)
 n - a boomerang
Armour
 a - a +0 robe (worn)
Scrolls
 c - 2 scrolls of poison {unknown}
 d - a scroll of magic mapping {unknown}
 g - a scroll of enchant armour {unknown}
 l - a scroll of identify {unknown}
 o - a scroll of brand weapon {unknown}
 p - a scroll of torment {unknown}
Potions
 b - 2 potions of magic
 e - a potion of berserk rage {unknown}
 f - 2 potions of haste {unknown}
 j - 4 potions of mutation {unknown}
 k - a potion of degeneration {unknown}
 m - 2 potions of lignification {unknown}

Dungeon Overview and Level Annotations

Branches:
Dungeon (4/15)
 Temple: D:4-7

Altars:
Dithmenos
Gozag
The Shining One

Annotations:
D:4 Ijyb

##### #############
....# #....#......#
....# #....#......#
....# ###....#......#
....#####.......@g....#
...............g........
.########.............##
......# ########......#
.####.# ######## ......#
.##############
.......<.......
.######.#######


You could see Ijyb and a goblin.


Message History

A kobold comes into view. It is wielding a +0 short sword.
Found a helmet.
A rat and a giant cockroach come into view.
The kobold shouts!
The kobold throws a stone.
The stone barely misses you.
The kobold throws a stone.
The stone hits you.
The kobold throws a stone.
The stone barely misses you.
You see here a bat corpse.
The kobold throws a stone.
The stone barely misses you.
You scratch the giant cockroach but do no damage.
The giant cockroach bites you but does no damage.
You barely miss the giant cockroach. The giant cockroach barely misses you.
You claw the giant cockroach!
You kill the giant cockroach!
The kobold throws a stone.
The stone closely misses you.
You see here a giant cockroach corpse.
The kobold throws a stone.
The stone barely misses you.
You see here a bat corpse.
The kobold misses you.
You barely miss the kobold. The kobold completely misses you.
You claw the kobold!
You kill the kobold!
You have reached level 2!
Things that are here:
a +0 short sword; 5 stones; a kobold corpse The rat bites you.
You scratch the rat.
The rat is severely wounded.
The rat bites you but does no damage.
You scratch the rat.
You kill the rat!
Found an escape hatch in the floor.
You see here a +0 helmet.
Search for what [? for help]? d:
Things that are here:
a +0 short sword; 5 stones; a kobold corpse You see here a +0 helmet.
A ball python comes into view.
Found a whip.
The ball python hisses angrily.
A bat comes into view.
You barely miss the ball python. The ball python closely misses you.
You claw the ball python!
You kill the ball python!
No target in view!
A bat is nearby!
Found a scroll labelled YJAZXUOSME.
The bat hits you but does no damage. The bat hits you.
You closely miss the bat. The bat hits you.
You claw the bat!
You kill the bat!
No target in view!
g - a scroll labelled YJAZXUOSME A bat comes into view.
Found 8 gold pieces.
Found 7 gold pieces.
The bat hits you but does no damage.
You see here 8 gold pieces.
The bat hits you.
You claw the bat!
You kill the bat!
You now have 29 gold pieces (gained 8).
You now have 36 gold pieces (gained 7).
Found 7 stones.
c - 2 scrolls labelled YDU WOKARAHI (gained 1)
You see here 7 stones.
You open the door.
There is an open door here.
You see here a bat skeleton.
You see here a +0 club.
There is a stone staircase leading down here.
A ball python comes into view.
The ball python hisses angrily.
A quokka comes into view.
You claw the ball python!
You kill the ball python!
You closely miss the quokka.
The quokka bites you but does no damage.
You scratch the quokka.
The quokka is severely wounded.
The quokka closely misses you.
You barely miss the quokka.
The quokka is severely wounded.
The quokka bites you but does no damage.
You barely miss the quokka.
The quokka is severely wounded.
The quokka bites you.
The quokka bites you but does no damage.
You scratch the quokka.
You kill the quokka!
No target in view!
You see here a ball python corpse.
You now have 52 gold pieces (gained 16).
You see here 7 stones.
You open the door.
There is an open door here.
As you open the door, it creaks loudly!
Found a stone staircase leading down.
There is an open door here.
There is a stone staircase leading down here.
As you open the door, it creaks loudly!
There is an open door here.
You open the door.
There is an open door here.
Found 6 curare-tipped darts.
A goblin comes into view. It is wielding a +0 dagger.
You see here 6 curare-tipped darts.
h - 6 curare-tipped darts You barely miss the goblin.
The goblin hits you with a +0 dagger.
You claw the goblin!
You kill the goblin!
No target in view!
No target in view!
Things that are here:
a +0 dagger; a goblin corpse You open the door.
Found a ring mail.
A goblin comes into view. It is wielding a +0 club.
Found a potion of magic.
There is an open door here.
A goblin is nearby!
The goblin shouts!
You see here a +0 ring mail.
A bat comes into view.
You scratch the goblin.
You kill the goblin!
The bat hits you but does no damage.
You see here a +0 club.
You barely miss the bat. The bat barely misses you.
You barely miss the bat. The bat closely misses you. The bat hits you.
The bat hits you but does no damage.
You miss the bat. The bat hits you.
You closely miss the bat. The bat closely misses you.
The bat barely misses you. x2; The bat hits you but does no damage.
You scratch the bat.
You kill the bat!
No target in view!
You now have 60 gold pieces (gained 8).
b - 2 potions of magic (gained 1) As you open the door, it creaks loudly!
There is an open door here.
You open the door.
Found 3 stones.
There is an open door here.
A kobold comes into view. It is wielding a +0 whip of holy wrath.
Found 5 stones.
The kobold shouts!
A rat comes into view.
You claw the kobold!
You kill the kobold!
Found a stone staircase leading down.
You see here a +0 whip of holy wrath.
You see here 3 stones.
i - 3 stones You barely miss the rat.
You closely miss the rat. The rat bites you.
You barely miss the rat. The rat barely misses you.
You scratch the rat.
You kill the rat!
You see here a rat corpse.
i - 8 stones (gained 5)
j - 2 ruby potions An endoplasm comes into view.
You scratch the endoplasm.
The endoplasm is severely wounded.
The endoplasm closely misses you.
You scratch the endoplasm.
The endoplasm is almost dead.
The endoplasm hits you but does no damage.
An endoplasm is nearby!
You scratch the endoplasm.
You kill the endoplasm!
Your Fighting skill increases to level 1!
No target in view!
There is an open door here.
There is an open door here.
You see here a bat corpse.
i - 15 stones (gained 7)
i - 22 stones (gained 7)
i - 27 stones (gained 5)
You see here a +0 short sword.
i - 32 stones (gained 5)
Things that are here:
a +0 short sword; a kobold skeleton Done exploring.
Done exploring.
There is a stone staircase leading down here.
You climb downwards.
There is a stone staircase leading up here.
You now have 74 gold pieces (gained 14).
A hobgoblin comes into view.
The hobgoblin shouts!
You completely miss the hobgoblin. The hobgoblin closely misses you.
You barely miss the hobgoblin. The hobgoblin barely misses you.
You barely miss the hobgoblin. Your claw misses the hobgoblin.
The hobgoblin barely misses you.
You barely miss the hobgoblin. You scratch the hobgoblin.
The hobgoblin is almost dead.
The hobgoblin hits you.
You closely miss the hobgoblin.
The hobgoblin is almost dead.
The hobgoblin closely misses you.
You barely miss the hobgoblin.
The hobgoblin is almost dead.
The hobgoblin hits you.
You scratch the hobgoblin.
You kill the hobgoblin!
Your Unarmed Combat skill increases to level 2!
No target in view!
You see here a hobgoblin corpse.
Found a faded altar of an unknown god.
An endoplasm comes into view.
An endoplasm is nearby!
A goblin, a giant cockroach and an adder come into view.
The endoplasm quivers.
You claw the endoplasm!
You kill the endoplasm!
No target in view!
Throw: 32 stones
Press: ? - help, Q - select action, (/) - cycle Shift-Dir - straight line, f - giant cockroach
Aim: a giant cockroach (asleep, 98% to hit)
You throw a stone. The stone hits the giant cockroach.
The giant cockroach is moderately wounded.
The adder hisses angrily.
You scratch the giant cockroach but do no damage.
The giant cockroach is moderately wounded.
The giant cockroach bites you.
You closely miss the giant cockroach.
The giant cockroach bites you but does no damage.
You barely miss the giant cockroach.
The giant cockroach bites you but does no damage.
You barely miss the giant cockroach. The giant cockroach misses you.
You barely miss the giant cockroach.
The giant cockroach bites you but does no damage.
You scratch the giant cockroach.
The giant cockroach is moderately wounded.
The giant cockroach bites you.
The giant cockroach bites you but does no damage.
You closely miss the giant cockroach.
The giant cockroach is moderately wounded.
The giant cockroach bites you but does no damage.
You claw the giant cockroach!
You kill the giant cockroach!
The adder bites you.
You barely miss the adder. The adder barely misses you.
You claw the adder!
The adder is severely wounded.
The adder barely misses you.
You closely miss the adder.
The adder is severely wounded.
The adder closely misses you.
You miss the adder.
The adder is severely wounded.
The adder bites you but does no damage. The adder barely misses you.
You scratch the adder.
You kill the adder!
You have reached level 3!
Your experience leads to an increase in your attributes!
Increase (S)trength, (I)ntelligence, or (D)exterity?
You feel clever. x2; You feel stronger.
You see here a giant cockroach corpse.
Found a mace.
Found 14 gold pieces.
A goblin comes into view. It is wielding a +0 club.
Found 14 gold pieces and 4 stones.
The goblin shouts!
The goblin shouts!
The goblin barely misses you.
You closely miss the goblin. You claw the goblin.
You kill the goblin!
Things that are here:
a +0 club; a goblin corpse You closely miss the goblin.
The goblin closely misses you.
You scratch the goblin.
You kill the goblin!
No target in view!
An adder comes into view.
An adder is nearby!
The adder hisses angrily.
Throw: 31 stones
Press: ? - help, Q - select action, (/) - cycle Shift-Dir - straight line, f - adder
Aim: an adder (32% to hit)
You throw a stone. The stone closely misses the adder.
Unknown command.
The adder bites you.
You claw the adder!
The adder is severely wounded.
The adder bites you but does no damage.
You claw the adder!
You kill the adder!
No target in view!
You now have 88 gold pieces (gained 14).
You now have 102 gold pieces (gained 14).
i - 34 stones (gained 4)
You see here an adder corpse.
You now have 107 gold pieces (gained 5).
A kobold comes into view. It is wielding a +0 dagger.
The kobold shouts!
A kobold is nearby!
The kobold hits you with a +0 dagger.
You completely miss the kobold. The kobold barely misses you.
You scratch the kobold.
You kill the kobold!
No target in view!
No target in view!
A bat comes into view.
A bat is nearby!
A goblin comes into view. It is wielding a +0 flail.
Found a dagger.
The goblin moves out of view.
The helpless bat fails to defend itself.
You claw the bat!
You kill the bat!
A kobold comes into view. It is wielding a +0 short sword.
Found 10 gold pieces.
The kobold shouts!
The kobold hits you with a +0 short sword.
You claw the kobold!
You kill the kobold!
No target in view!
No target in view!
HP restored.
You see here a +0 short sword.
You now have 117 gold pieces (gained 10).
You see here a +0 short sword.
A ball python comes into view.
A ball python is nearby!
The ball python bites you.
You barely miss the ball python. The ball python closely misses you.
You barely miss the ball python. The ball python misses you.
You closely miss the ball python. You claw the ball python.
The ball python is moderately wounded.
The ball python barely misses you.
You scratch the ball python.
You kill the ball python!
You see here a ball python corpse.
You barely miss the goblin. The goblin hits you with a +0 flail.
You scratch the goblin.
You kill the goblin!
No target in view!
No target in view!
No target in view!
Found a chain mail.
Found a hand axe.
Found a stone staircase leading down.
A giant cockroach comes into view.
A giant cockroach is nearby!
The giant cockroach bites you but does no damage.
You see here a +0 hand axe.
You claw the giant cockroach!
You kill the giant cockroach!
No target in view!
No target in view!
A dart slug comes into view.
A dart slug is nearby!
The dart slug barely misses you.
You scratch the dart slug.
The dart slug is moderately wounded.
The dart slug launches a dart at you. The slug dart hits you.
You scratch the dart slug.
The dart slug is moderately wounded.
You claw the dart slug!
You kill the dart slug!
No target in view!
A jackal comes into view.
The jackal barks!
You hear a bark!
You hear an angry hiss.
A jackal comes into view.
Found a stone staircase leading down.
The jackal barks!
The jackal bites you but does no damage.
An adder comes into view.
The jackal moves out of view.
You scratch the jackal.
The jackal is severely wounded.
The jackal barely misses you. The jackal attacks as you move away!
The jackal barely misses you.
You scratch the adder.
The adder is heavily wounded.
The adder bites you but does no damage. The adder bites you.
You barely miss the adder.
The adder is heavily wounded.
The adder closely misses you.
You scratch the adder.
The adder is severely wounded.
The adder misses you.
You miss the adder.
The adder is severely wounded.
The adder barely misses you.
You miss the adder.
The adder is severely wounded.
The adder bites you. The adder bites you but does no damage.
You scratch the adder.
You kill the adder!
You scratch the jackal.
You kill the jackal!
The jackal bites you but does no damage.
You have reached level 4!
You barely miss the jackal. The jackal bites you.
You closely miss the jackal. The jackal bites you.
You barely miss the jackal. The jackal closely misses you.
The jackal bites you.
You closely miss the jackal.
The jackal bites you but does no damage.
You miss the jackal.
The jackal bites you but does no damage. x2
You claw the jackal!
You kill the jackal!
Your Unarmed Combat skill increases to level 3!
No target in view!
Found a dagger.
k - a sedimented brown potion
Found a stone staircase leading up.
There is a stone staircase leading up here.
A kobold comes into view. It is wielding a +0 short sword.
Found a scroll labelled AMENUX AQAME and 2 cyan potions.
You see here a scroll labelled AMENUX AQAME.
You miss the kobold.
The kobold hits you with a +0 short sword.
You barely miss the kobold. The kobold hits you but does no damage.
You closely miss the kobold. The kobold closely misses you.
You closely miss the kobold.
The kobold hits you with a +0 short sword.
You scratch the kobold.
The kobold is moderately wounded.
You scratch the kobold but do no damage.
The kobold is moderately wounded.
The kobold hits you but does no damage.
You barely miss the kobold.
The kobold is moderately wounded.
The kobold hits you with a +0 short sword.
You scratch the kobold but do no damage.
The kobold is moderately wounded.
The kobold hits you with a +0 short sword.
You scratch the kobold.
The kobold is severely wounded.
The kobold hits you with a +0 short sword.
You scratch the kobold.
You kill the kobold!
No target in view!
l - a scroll labelled AMENUX AQAME
m - 2 cyan potions Terence the Incautious comes into view.
He is wielding a +0 short sword of protection.
Press: ? - help, v - describe, . - travel
Here: Terence, wielding a +0 short sword of protection and wearing a +0 scale mail The floor.
Unknown command.
Throw: 6 darts (curare)
Press: ? - help, Q - select action, (/) - cycle Shift-Dir - straight line, f - Terence
Aim: Terence, wielding a +0 short sword of protection and wearing a +0 scale mail (58% to hit)
You throw a curare-tipped dart.
The curare-tipped dart closely misses Terence.
Terence screams, "I want your blood!"
Throw: 5 darts (curare)
Press: ? - help, Q - select action, (/) - cycle Shift-Dir - straight line, f/p - Terence
Aim: Terence, wielding a +0 short sword of protection and wearing a +0 scale mail (58% to hit)
You throw a curare-tipped dart.
The curare-tipped dart barely misses Terence.
Throw: 4 darts (curare)
Press: ? - help, Q - select action, (/) - cycle Shift-Dir - straight line, f/p - Terence
Aim: Terence, wielding a +0 short sword of protection and wearing a +0 scale mail (58% to hit)
You throw a curare-tipped dart. The curare-tipped dart hits Terence.
Terence is poisoned.
Terence convulses.
Terence seems to slow down.
Terence is moderately wounded.
Terence screams, "I'm going to kill you!"
Throw: 34 stones
Press: ? - help, Q - select action, (/) - cycle Shift-Dir - straight line, f/p - Terence
Aim: Terence, wielding a +0 short sword of protection and wearing a +0 scale mail (heavily wounded, very poisoned, slow, 58% to hit)
You throw a stone. The stone barely misses Terence.
Throw: 33 stones
Press: ? - help, Q - select action, (/) - cycle Shift-Dir - straight line, f/p - Terence
Aim: Terence, wielding a +0 short sword of protection and wearing a +0 scale mail (heavily wounded, very poisoned, slow, 58% to hit)
You throw a stone.
The stone hits Terence but does no damage.
Terence is heavily wounded.
Throw: 32 stones
Press: ? - help, Q - select action, (/) - cycle Shift-Dir - straight line, f/p - Terence
Aim: Terence, wielding a +0 short sword of protection and wearing a +0 scale mail (heavily wounded, very poisoned, slow, 58% to hit)
You throw a stone.
The stone hits Terence but does no damage.
Terence is heavily wounded.
You scratch Terence but do no damage.
Terence is heavily wounded.
Terence misses you.
You scratch Terence.
Terence is severely wounded.
You scratch Terence but do no damage.
Terence is severely wounded.
Terence barely misses you.
You barely miss Terence.
Terence is almost dead.
Terence hits you with a +0 short sword of protection.
You claw Terence!
You kill Terence!
No target in view!
Things that are here:
a +0 short sword of protection; a +0 scale mail
h - 4 curare-tipped darts (gained 1)
You now have 124 gold pieces (gained 7).
h - 6 curare-tipped darts (gained 2) Natasha, Servant of Life and Death comes into view.
Natasha hisses angrily.
You claw Natasha!
Natasha is severely wounded.
Natasha claws you.
You scratch Natasha.
Natasha is almost dead.
Natasha mumbles some strange words.
You closely miss Natasha.
Natasha is almost dead.
Natasha barely misses you.
You barely miss Natasha.
Natasha is almost dead.
The crimson imp spits at you.
The crimson imp hits you but does no damage.
Natasha stares at you and mumbles some strange words.
The magic dart hits you!
You claw Natasha!
You kill Natasha!
Natasha yowls pathetically as she dies!
The crimson imp disappears in a puff of smoke!
f - 2 coppery potions (gained 1)
Found a stone staircase leading up.
You see here an adder skeleton.
An adder comes into view.
Found a stone staircase leading down.
The adder hisses angrily.
The adder bites you.
You closely miss the adder. The adder bites you.
You are poisoned.
The adder poisons you!
You barely miss the adder.
You feel sick. The adder barely misses you.
Natasha, Servant of Life and Death comes into view.
Natasha hisses angrily.
You claw the adder!
You kill the adder!
You feel sick.
Natasha hisses.
You feel sick.
You scratch Natasha.
Natasha is heavily wounded.
You feel sick.
You are no longer poisoned.
Natasha mewls in sadness.
Natasha casts a spell.
You barely miss Natasha.
Natasha is heavily wounded.
Natasha stares at you and mumbles some strange words.
The magic dart hits you.
You closely miss Natasha.
Natasha is heavily wounded.
Natasha barely misses you.
You closely miss Natasha.
Natasha is heavily wounded.
The white imp hits you. The white imp freezes you. Natasha claws you.
You claw Natasha!
You kill Natasha!
Natasha growls in agony!
The white imp disappears in a puff of smoke!
Your Fighting skill increases to level 2!
Your Dodging skill increases to level 2!
You have reached level 5!
You start resting.
HP restored.
You see here the felid corpse of Natasha.
You now have 129 gold pieces (gained 5).
Found a whip.
You see here a +0 whip.
There is a stone staircase leading down here.
Done exploring.
There is a stone staircase leading down here.
You see here a +0 hand axe.
Natasha, Servant of Life and Death comes into view.
Natasha hisses angrily.
Natasha closely misses you.
You closely miss Natasha. Natasha barely misses you.
You barely miss Natasha. Natasha claws you.
You claw Natasha!
Natasha is almost dead.
Natasha mumbles some strange words.
You miss Natasha.
Natasha is almost dead.
Natasha claws you.
You miss Natasha.
Natasha is almost dead.
Natasha misses you.
You barely miss Natasha.
Natasha is almost dead.
Natasha barely misses you.
You scratch Natasha.
You kill Natasha!
You feel Natasha's spirit has finally been put to rest.
The crimson imp disappears in a puff of smoke!
Done exploring.
There is a stone staircase leading down here.
You climb downwards.
Found 3 stones.
There is a stone staircase leading up here.
i - 34 stones (gained 3)
A rat comes into view.
The rat barely misses you.
You completely miss the rat. The rat closely misses you.
You barely miss the rat. You barely miss the rat.
The rat bites you but does no damage.
You claw the rat!
You kill the rat!
No target in view!
You now have 136 gold pieces (gained 7).
A ball python comes into view.
The ball python hisses angrily.
The ball python barely misses you.
You closely miss the ball python. The ball python barely misses you.
The ball python bites you.
You claw the ball python!
You kill the ball python!
No target in view!
No target in view!
A goblin comes into view. It is wielding a +0 dagger.
The goblin closely misses you.
You scratch the goblin.
You kill the goblin!
No target in view!
No target in view!
You see here a +0 dagger.
Found a stone staircase leading down.
A bat comes into view.
You see here a Fen Folio.
Found 3 stones and a ruby potion.
The bat barely misses you. The bat barely misses you.
The bat hits you but does no damage.
You miss the bat. The bat hits you but does no damage.
You scratch the bat.
You kill the bat!
No target in view!
You pick up a Fen Folio and begin reading...
You add the spells Summon Forest, Eringya's Noxious Bog and Summon Hydra to your library.
i - 37 stones (gained 3)
j - 3 ruby potions (gained 1)
You pick up a book of Minor Magic and begin reading...
You add the spells Magic Dart, Call Imp and Mephitic Cloud to your library.
There is a shaft here.
There is a shaft here.
There is a shaft here.
An adder comes into view.
The adder hisses angrily.
You scratch the adder.
The adder is moderately wounded.
The adder bites you.
You miss the adder.
The adder is moderately wounded.
The adder barely misses you.
You barely miss the adder.
The adder is moderately wounded.
The adder barely misses you.
You closely miss the adder.
The adder is moderately wounded.
The adder bites you. x2
You completely miss the adder.
The adder is moderately wounded.
The adder bites you.
You are poisoned.
The adder poisons you!
You scratch the adder.
The adder is heavily wounded.
You feel sick. The adder bites you.
You miss the adder.
The adder is heavily wounded.
You feel sick. The adder closely misses you.
You barely miss the adder. Your claw misses the adder.
The adder is heavily wounded.
You feel sick. The adder bites you.
You barely miss the adder.
The adder is heavily wounded.
You feel sick. The adder closely misses you. x2
You miss the adder.
The adder is heavily wounded.
You feel sick. The adder bites you but does no damage.
You closely miss the adder.
The adder is heavily wounded.
You feel sick. The adder bites you.
You claw the adder!
You kill the adder!
You feel sick.
You are no longer poisoned.
No target in view!
HP restored.
An endoplasm comes into view.
The endoplasm quivers.
The endoplasm freezes you.
You are frozen.
You scratch the endoplasm.
The endoplasm is lightly wounded.
The endoplasm misses you.
You claw the endoplasm!
You kill the endoplasm!
You now have 147 gold pieces (gained 11).
Done exploring.
Done exploring.
There is a shaft here.
There is a stone staircase leading down here.
There is a stone staircase leading up here.
You climb upwards.
There is a stone staircase leading down here.
You see here a +0 hand axe.
There is a stone staircase leading down here.
You climb downwards.
Found a stone staircase leading down.
There is a stone staircase leading up here.
A rat comes into view.
The rat closely misses you.
You scratch the rat.
The rat is severely wounded.
The rat bites you but does no damage.
You closely miss the rat.
The rat is severely wounded.
The rat bites you.
You scratch the rat.
You kill the rat!
Your Unarmed Combat skill increases to level 4!
HP restored.
Found a glowing golden altar of the Shining One.
There is a stone staircase leading up here.
An orc wizard comes into view. It is wielding a +0 dagger.
An orc comes into view. It is wielding a +0 hand axe.
The orc wizard casts a spell at you. You resist with some effort.
The orc shouts!
You hear a shout!
The orc wizard points at you and mumbles some strange words.
You resist with some effort.
An orc comes into view. It is wielding a +0 mace.
The orc shouts!
You hear a shout!
The orc wizard hits you with a +0 dagger.
The orc hits you but does no damage.
The orc wizard hits you with a +0 dagger.
The orc throws a boomerang.
The boomerang closely misses you.
You miss the orc wizard. You scratch the orc.
The orc is almost dead.
Sigmund the Dreaded comes into view.
He is wielding a +0 scythe of freezing.
Sigmund shouts!
You scratch the orc.
You kill the orc!
You scratch the orc wizard but do no damage.
The orc wizard barely misses you.
Unknown command.
Throw: 6 darts (curare)
Press: ? - help, Q - select action, (/) - cycle Shift-Dir - straight line, f - Sigmund
Aim: Sigmund, wielding a +0 scythe of freezing and wearing a +0 robe (52% to hit)
You throw a curare-tipped dart. The curare-tipped dart hits Sigmund.
Sigmund is poisoned.
Sigmund convulses.
Sigmund seems to slow down.
Sigmund is moderately wounded.
The orc wizard hits you with a +0 dagger.
The orc wizard attacks as you move away!
The orc wizard hits you with a +0 dagger.
You scratch Sigmund.
Sigmund is heavily wounded.
Sigmund barely misses you.
The orc wizard hits you but does no damage.
You claw Sigmund!
Sigmund is almost dead.
The orc wizard closely misses you.
You scratch Sigmund.
You kill Sigmund!
The orc wizard hits you but does no damage.
You have reached level 6!
You feel stronger.
You closely miss the orc wizard. The orc wizard barely misses you.
An endoplasm comes into view.
You scratch the orc wizard.
The orc wizard is lightly wounded.
The orc wizard hits you with a +0 dagger.
You barely miss the orc wizard.
The orc wizard is lightly wounded.
You barely miss the orc wizard.
The orc wizard is lightly wounded.
The orc wizard hits you with a +0 dagger.
You scratch the orc wizard.
The orc wizard is heavily wounded.
The orc wizard points at you and mumbles some strange words.
You resist with some effort.
You claw the orc wizard!
You kill the orc wizard!
The endoplasm barely misses you.
You barely miss the orc. The endoplasm closely misses you.
The orc closely misses you.
You claw the orc!
You kill the orc!
The endoplasm freezes you.
You are frozen.
You claw the endoplasm!
You kill the endoplasm!
j - 4 ruby potions (gained 1)
Things that are here:
a +0 scythe of freezing; a +0 robe
h - 6 curare-tipped darts (gained 1)
Things that are here:
a +0 scythe of freezing; a +0 robe
Items here: )) [[ †.
Things that are here:
a +0 hand axe; a boomerang
n - a boomerang
Items here: )) [[ †.
Things that are here:
a +0 scythe of freezing; a +0 robe An orc priest comes into view.
It is wielding a +0 short sword.
The orc priest shouts!
Things that are here:
a +0 scythe of freezing; a +0 robe
Items here: )) [[ †.
You see here a +0 hand axe.
The orc priest completely misses you.
You claw the orc priest!
The orc priest is severely wounded.
The orc priest hits you with a +0 short sword.
You closely miss the orc priest.
The orc priest is severely wounded.
The orc priest hits you with a +0 short sword.
You barely miss the orc priest.
The orc priest is severely wounded.
The orc priest casts a cantrip, but nothing happens.
You barely miss the orc priest.
The orc priest is severely wounded.
The orc priest hits you with a +0 short sword.
You barely miss the orc priest.
The orc priest is severely wounded.
You claw the orc priest!
You kill the orc priest!
Items here: )) [ †.
Found an opulent altar of Gozag.
An adder comes into view.
Found a scroll labelled OMMECE XUUBU.
The adder hisses angrily.
You claw the adder!
You kill the adder!
Your Unarmed Combat skill increases to level 5!
No target in view!
o - a scroll labelled OMMECE XUUBU You open the door.
There is an open door here.
An endoplasm comes into view.
Found 6 gold pieces.
Found 15 gold pieces.
The helpless endoplasm fails to defend itself.
You claw the endoplasm!
You kill the endoplasm!
No target in view!
You now have 153 gold pieces (gained 6).
You now have 168 gold pieces (gained 15).
You open the door.
There is an open door here.
Found a stone staircase leading down.
There is a stone staircase leading down here.
Found a stone staircase leading up.
A kobold and a giant cockroach come into view.
Found a leather armour and 17 gold pieces.
The kobold shouts!
Found 4 gold pieces.
You barely miss the kobold. The kobold barely misses you.
You barely miss the kobold. Your claw misses the kobold.
The kobold closely misses you.
You claw the kobold!
You kill the kobold!
You claw the giant cockroach!
You kill the giant cockroach!
No target in view!
You see here a +0 short sword.
There is a stone staircase leading up here.
You now have 185 gold pieces (gained 17).
You now have 189 gold pieces (gained 4).
You see here a +0 leather armour.
Found a robe.
You see here a +0 robe.
An endoplasm comes into view.
The endoplasm quivers.
You barely miss the endoplasm. The endoplasm freezes you.
You are frozen.
You barely miss the endoplasm.
The endoplasm hits you but does no damage.
You claw the endoplasm!
You kill the endoplasm!
Done exploring.
Things that are here:
a +0 scythe of freezing; a +0 robe
Items here: )) [[ ÷.
Items here: )) [ ÷.
There is a stone staircase leading down here.
Unknown command.
You climb downwards.
Found a scroll labelled EMIRUDUUDE.
There is a stone staircase leading up here.
p - a scroll labelled EMIRUDUUDE Unknown command.
Found a shadowy altar of Dithmenos.
A gnoll comes into view. It is wielding a +0 whip.
Throw: 37 stones
Press: ? - help, Q - select action, (/) - cycle Shift-Dir - straight line, f - gnoll
Aim: a gnoll, wielding a +0 whip (wandering, hasn't noticed you, 60% to hit)
You throw a stone. The gnoll shouts!
The stone hits the gnoll but does no damage.
You hear a shout!
You hear an angry hiss.
An ufetubus comes into view.
The ufetubus attacks as you move away! The ufetubus closely misses you.
The ufetubus hits you but does no damage.
The ufetubus attacks as you move away! The ufetubus hits you.
The ufetubus closely misses you. The ufetubus barely misses you.
The ufetubus hits you but does no damage.
You closely miss the ufetubus.
The ufetubus hits you but does no damage.
The ufetubus hits you.
You claw the ufetubus!
You kill the ufetubus!
No target in view!
Found a stone staircase leading down.
You claw the gnoll!
The gnoll is severely wounded.
The gnoll barely misses you.
You claw the gnoll!
You kill the gnoll!
You see here a +0 whip.
A gnoll comes into view. It is wielding a +0 whip.
The gnoll shouts!
A gnoll comes into view. It is wielding a +0 flail.
You see here a +0 whip.
You completely miss the gnoll.
The gnoll shouts!
The gnoll closely misses you.
You claw the gnoll!
The gnoll is almost dead.
The gnoll barely misses you.
You scratch the gnoll but do no damage.
The gnoll is almost dead.
The gnoll hits you with a +0 whip.
You claw the gnoll!
You kill the gnoll!
You barely miss the gnoll. You claw the gnoll.
The gnoll is moderately wounded.
The gnoll barely misses you.
You claw the gnoll!
You kill the gnoll!
Things that are here:
a +0 flail; a +0 whip; a gnoll corpse HP restored.
You see here a +0 whip.
A goblin comes into view. It is wielding a +0 dagger.
Ijyb and a howler monkey come into view.
Ijyb is wielding a +0 dagger and carrying a wand of acid (10).
Ijyb shouts!
The howler monkey howls!
Press: ? - help, v - describe, . - travel
Here: Ijyb, wielding a +0 dagger, wearing a +0 scale mail and carrying a wand of acid (10)
The floor.
You scratch the howler monkey but do no damage.
The howler monkey barely misses you.
You scratch the howler monkey. You claw the howler monkey.
The howler monkey is moderately wounded.
The howler monkey barely misses you.
You closely miss the howler monkey.
The howler monkey is moderately wounded.
The howler monkey hits you.
You claw the howler monkey!
You kill the howler monkey!
Ijyb zaps a wand.
The bolt of acid hits you!! The goblin closely misses you.
Ijyb zaps a wand.
The bolt of acid misses you.
You claw Ijyb!
Ijyb is moderately wounded.
The goblin hits you but does no damage. Ijyb screams, "I dance on your bones!"
Ijyb zaps a wand.
The bolt of acid hits you! The acid corrodes you!
You barely miss Ijyb.
Ijyb is moderately wounded.
The goblin barely misses you. Ijyb closely misses you.
You scratch Ijyb. You claw Ijyb!
Ijyb is severely wounded.
The goblin hits you with a +0 dagger. Ijyb hits you with a +0 dagger.
You closely miss Ijyb.
Ijyb is severely wounded.
The goblin hits you with a +0 dagger. Ijyb hits you with a +0 dagger.
You barely miss Ijyb.
Ijyb is severely wounded.
The goblin hits you with a +0 dagger.
* * * LOW HITPOINT WARNING * * *
Ijyb hits you with a +0 dagger.
* * * LOW HITPOINT WARNING * * *
You completely miss Ijyb.
Ijyb is severely wounded.
The goblin hits you with a +0 dagger.
* * * LOW HITPOINT WARNING * * *
Ijyb hits you with a +0 dagger.
* * * LOW HITPOINT WARNING * * *
You closely miss Ijyb.
Ijyb is severely wounded.
The goblin hits you with a +0 dagger.
* * * LOW HITPOINT WARNING * * *
Ijyb hits you with a +0 dagger.
You die...

Skill      XL: |  1  2  3  4  5  6 |
---------------+-------------------+-----
Unarmed Combat | 1 2 3 4 5 |  5.2
Fighting       | 1 2 |  2.9
Dodging        | 2 |  2.9
Stealth        | |  1.0
Spellcasting   | |  1.2
Transmutations | |  0.6
Earth Magic    | |  2.6

Action                   |  1- 3 |  4- 6 || total
-------------------------+-------+-------++-------
Melee: Unarmed           |    98 |   119 ||   217
       Punch             |     2 |     3 ||     5
Throw: Stone             |     2 |     4 ||     6
       Dart              |       |     4 ||     4
 Stab: Sleeping          |     2 |     1 ||     3
Armor: Robe              |    32 |    19 ||    51
Dodge: Dodged            |    49 |    49 ||    98

Levels and vault maps discovered:
D:1:      minmay_arrival_four_circles, layout_basic
D:2:      layout_basic, shapermc_ecumenical_altar_totnotflames, uniq_natasha,
          uniq_terence
D:3:      layout_basic, grunt_gozag_statues, mainiacjoe_overflow_brackets,
          uniq_sigmund
D:4:      wad_pebble_path, layout_basic, nicolae_hepliaklqana_hippocampus,
          nicolae_dithmenos_shadow_blocks, uniq_blork_the_orc, uniq_ijyb

Notes
Turn   | Place    | Note
-------+----------+-------------------------------------------
     0 | D:1      | scionoferis the Troll Earth Elementalist began the quest
                  | for the Orb.
     0 | D:1      | Reached XP level 1. HP: 16/16 MP: 1/1
    91 | D:1      | Reached skill level 1 in Unarmed Combat
   131 | D:1      | Reached XP level 2. HP: 26/26 MP: 2/2
   447 | D:1      | Reached skill level 1 in Fighting
   623 | D:2      | Reached skill level 2 in Unarmed Combat
   625 | D:2      | Found a faded altar of an unknown god.
   668 | D:2      | Reached XP level 3. HP: 33/33 MP: 3/3
   850 | D:2      | Reached XP level 4. HP: 41/41 MP: 4/4
   856 | D:2      | Reached skill level 3 in Unarmed Combat
   924 | D:2      | Noticed Terence
   935 | D:2      | Killed Terence
   952 | D:2      | Noticed Natasha
   958 | D:2      | Killed Natasha
  1104 | D:2      | Noticed Natasha
  1111 | D:2      | Killed Natasha
  1112 | D:2      | Reached skill level 2 in Fighting
  1112 | D:2      | Reached skill level 2 in Dodging
  1112 | D:2      | Reached XP level 5. HP: 33/49 MP: 5/5
  1396 | D:2      | Noticed Natasha
  1406 | D:2      | Killed Natasha
  2072 | D:3      | Reached skill level 4 in Unarmed Combat
  2102 | D:3      | Found a glowing golden altar of the Shining One.
  2140 | D:3      | Noticed Sigmund
  2147 | D:3      | Killed Sigmund
  2148 | D:3      | Reached XP level 6. HP: 58/59 MP: 6/6
  2205 | D:3      | Found an opulent altar of Gozag.
  2260 | D:3      | Reached skill level 5 in Unarmed Combat
  2439 | D:4      | Found a shadowy altar of Dithmenos.
  2502 | D:4      | Noticed Ijyb
  2514 | D:4      | HP: 4/59 [Ijyb/+0 dagger (4)]
  2515 | D:4      | Slain by Ijyb

Vanquished Creatures
  Sigmund (D:3)
  A howler monkey (D:4)
  An orc priest (D:3)
  Natasha (thrice) (D:2)
  Terence (D:2)
  An orc wizard (D:3)
  3 gnolls (D:4)
  6 adders (D:2 D:3)
  An ufetubus (D:4)
  A dart slug (D:2)
  2 orcs (D:3)
  8 bats (D:1 D:2 D:3)
  6 endoplasms (D:1 D:2 D:3)
  4 giant cockroaches (D:1 D:2 D:3)
  6 goblins (D:1 D:2 D:3)
  A hobgoblin (D:2)
  2 jackals (D:2)
  2 quokkas (D:1)
  4 ball pythons (D:1 D:2 D:3)
  7 kobolds (D:1 D:2 D:3)
  5 rats (D:1 D:3)
66 creatures vanquished.

Table legend: (Time is in decaauts)
 A = Elapsed time spent in this place.
 B = Non-inter-level travel time spent in this place.
 C = Inter-level travel time spent in this place.
 D = Time resting spent in this place.
 E = Time spent auto-exploring this place.
 F = Levels seen in this place.
 G = Mean time per level.
                   A        B        C        D        E       F      G
               +--------+--------+--------+--------+--------+-----+--------+
         Total |   2502 |   2205 |    297 |     15 |   1662 |   4 |  625.5 |
       Dungeon |   2502 |   2205 |    297 |     15 |   1662 |   4 |  625.5 |
               +--------+--------+--------+--------+--------+-----+--------+

Top non-repeatable levels by time:
     D:3: 962 daAuts
     D:2: 859 daAuts
     D:1: 596 daAuts
     D:4: 83 daAuts

Table legend:
 A = Non-vault XP
 B = Vault XP
 C = Vault XP percentage of total XP
 D = Non-vault monster count
 E = Vault monster count
 F = Vault count percentage of total count
                 A         B        C        D         E       F
            +---------+---------+-------+---------+---------+-------
      Total |     410 |     299 |  42.2 |      63 |       3 |   4.5
            +---------+---------+-------+---------+---------+-------
        D:1 |      32 |       0 |   0.0 |      20 |       0 |   0.0
        D:2 |     152 |      73 |  32.4 |      21 |       2 |   8.7
        D:3 |     128 |     226 |  63.8 |      17 |       1 |   5.6
        D:4 |      98 |       0 |   0.0 |       5 |       0 |   0.0
            +---------+---------+-------+---------+---------+-------
